 Dungeon Crawl Stone Soup version 0.19.5 (webtiles) character file.

16 Lizzreth the Charmwright (level 2, 0/15 HPs)
             Began as a Vine Stalker Skald on Mar 14, 2017.
             Slain by a goblin
             ... wielding a +0 club
              (1 damage)
             ... on level 1 of the Dungeon.
             The game lasted 00:03:18 (466 turns).

Lizzreth the Charmwright (Vine Stalker Skald)        Turns: 466, Time: 00:03:18

Health: 0/15       AC:  3    Str: 14    XL:     2   Next: 54%
Magic:  0/6        EV: 11    Int: 12    God:
Gold:   40         SH:  0    Dex: 13    Spells: 1 memorised, 4 levels left

rFire  . . .     SeeInvis .     a - +0 falchion
rCold  . . .     Gourm    .     b - +0 leather armour
rNeg   . . .     Faith    .     (no shield)
rPois  .         Spirit   +     (no helmet)
rElec  .         Reflect  .     (no cloak)
rCorr  .         Harm     .     (no gloves)
MR     .....                    (no boots)
Stlth  +.........               (no amulet)
                                (no ring)
                                (no ring)

@: drained
A: fangs 2, magic shield, antimagic bite, no device heal 3, rot immunity
a: no special abilities


You were on level 1 of the Dungeon.
You were not hungry.

You visited 1 branch of the dungeon, and saw 1 of its levels.

You collected 40 gold pieces.

Inventory:

Hand Weapons
 a - a +0 falchion (weapon)
Armour
 b - a +0 leather armour (worn)
Scrolls
 f - a scroll of remove curse {unknown}
 i - a scroll of identify {unknown}
Potions
 e - a potion of agility {unknown}
 g - a potion of curing {unknown}
 j - 2 potions of invisibility {unknown}
Books
 c - a book of Battle

   Spells                             Type                      Level
   a - Infusion                       Charms                       1
   b - Shroud of Golubria             Charms/Translocation         2
   c - Song of Slaying                Charms                       2
   d - Spectral Weapon                Hexes/Charms                 3
   e - Regeneration                   Charms/Necromancy            3
Comestibles
 d - a bread ration
 h - a beef jerky


   Skills:
 - Level 1.7(1.6) Fighting
 + Level 2.8(2.7) Long Blades
 - Level 0.7(0.6) Armour
 - Level 0.7(0.6) Dodging
 - Level 2.1(2.0) Spellcasting
 - Level 3.0(2.9) Charms


You had 4 spell levels left.
You knew the following spells:

 Your Spells              Type           Power        Failure   Level  Hunger
a - Infusion              Chrm           #...         14%         1    ##.....


Dungeon Overview and Level Annotations

Branches:
Dungeon (1/15)

Altars:


Innate Abilities, Weirdness & Mutations

You have extremely sharp teeth.
When hurt, damage is shared between your health and your magic reserves.
Your bite disrupts and absorbs the magic of your enemies.
Potions and wands cannot restore your health.
You are immune to rotting.


Message History

* * * LOW HITPOINT WARNING * * *
The goblin closely misses you.
You closely miss the goblin.
The goblin is moderately wounded.
The goblin hits you with a club.
* * * LOW HITPOINT WARNING * * *
You barely miss the goblin. Your bite misses the goblin.
The goblin is moderately wounded.
The goblin hits you with a club.
* * * LOW HITPOINT WARNING * * *
You hit the goblin but do no damage. Your bite misses the goblin.
The goblin is moderately wounded.
The goblin hits you but does no damage.
You closely miss the goblin.
The goblin is moderately wounded.
The goblin hits you but does no damage.
You closely miss the goblin.
The goblin is moderately wounded.
The goblin hits you with a club.
You die...

#### ....P.......♣.♣ .. ...
+...........+ .. #
#...........# .# #
#######.....# #.# ####
#.†...# ..# ...#
#.....###..###.K
)..##########............K..
.†.##..........###.....#..#.
...''..........+@g.).).#
...##..........###..$..#
#####..........# ####.....
...##..........# ......
...##..........# ......
...############# ...... ...#
..... ...# ...#


You could see a goblin.

Vanquished Creatures
  A bat (D:1)
  4 goblins (D:1)
  2 hobgoblins (D:1)
  4 kobolds (D:1)
  A frilled lizard (D:1)
  3 rats (D:1)
15 creatures vanquished.

Notes
Turn   | Place    | Note
-------+----------+-------------------------------------------
     0 | D:1      | Lizzreth the Vine Stalker Skald began the quest for the Orb.
     0 | D:1      | Reached XP level 1. HP: 11/11 MP: 4/4
   410 | D:1      | Reached XP level 2. HP: 14/15 MP: 3/6
   466 | D:1      | Slain by a goblin

Skill      XL: |  1 |
---------------+----+-----
Long Blades    | 2 |  2.8
Fighting       | |  1.7
Armour         | |  0.7
Dodging        | |  0.7
Spellcasting   | |  2.1
Charms         | |  3.0

Action                   || total
-------------------------++-------
Melee: Falchion          ||    37
       Bite              ||     7
 Cast: Infusion          ||     4
Armor: Leather armour    ||     8
Dodge: Dodged            ||    19
       Rpst.: Falchion   ||     6
